 Dungeon Crawl Stone Soup version 0.29.1-1-gd02db6906a (webtiles) character file.

Game seed: 16333142299755561559

98 Orthodox the Trooper (level 4, -5/29 HPs)
             Began as a Gargoyle Fighter on Oct 23, 2022.
             Slain by Crazy Yiuf
             ... wielding a +4 quarterstaff of chaos
              (12 damage)
             ... on level 2 of the Dungeon.
             The game lasted 00:04:35 (2620 turns).

Orthodox the Trooper (Gargoyle Fighter)             Turns: 2620, Time: 00:04:36

Health: -5/29      AC: 12    Str: 20    XL:     4   Next: 69%
Magic:  4/4        EV:  5    Int:  8    God:
Gold:   89         SH:  8    Dex: 11    Spells: 3/3 levels left

rFire   . . .      SeeInvis .   r - +2 mace (holy)
rCold   . . .      Faith    .   g - +0 kite shield
rNeg    + . .      Spirit   .   s - +0 chain mail
rPois   ∞          Reflect  .   (no helmet)
rElec   +          Harm     .   (no cloak)
rCorr   +          Rampage  .   (no gloves)
Will    +....                   (no boots)
Stlth   ..........              (no amulet)
HPRegen 0.09/turn               o - ring of willpower
MPRegen 0.09/turn               l - ring of resist corrosion

@: no status effects
A: sickness immunity, AC +3, negative energy resistance 1, electricity
resistance, torment resistance 1, petrification resistance
a: no special abilities


You were on level 2 of the Dungeon.
You visited 1 branch of the dungeon, and saw 2 of its levels.

You collected 89 gold pieces.

Inventory:

Hand Weapons
 a - a +0 flail
 r - a +2 mace of holy wrath (weapon)
Armour
 b - a +0 scale mail
 c - a +0 buckler
 g - a +0 kite shield (worn)
 i - a +0 ring mail
 k - a +1 robe of resistance
 s - a +0 chain mail (worn)
Jewellery
 l - a ring of resist corrosion (right hand)
 o - a ring of willpower (left hand)
Wands
 q - a wand of roots (7)
Scrolls
 e - 5 scrolls of identify {unknown}
 h - a scroll of vulnerability {unknown}
 n - a scroll of magic mapping {unknown}
Potions
 d - a potion of might
 f - a potion of cancellation {unknown}
 j - a potion of ambrosia {unknown}
 m - a potion of lignification {unknown}
 p - a potion of flight {unknown}


   Skills:
 * Level 4.2 Fighting
 * Level 3.1 Maces & Flails
 + Level 3.7 Armour
 + Level 3.8 Shields


You had 3 spell levels left.
You didn't know any spells.
Your spell library contained the following spells:

 Spells                   Type           Power      Damage    Failure   Level
 Apportation              Tloc           0%         N/A       100%        1
 Necrotise                Necr           0%         1d4       100%        1
 Summon Small Mammal      Summ           0%         N/A       100%        1


Dungeon Overview and Level Annotations

Branches:
Dungeon (2/15)

Altars:

Annotations:
D:2 Crazy Yiuf


Innate Abilities, Weirdness & Mutations

You are immune to sickness and miasma.
Your stone body is resilient. (AC +3)
You are immune to poison.
You resist negative energy. (rN+)
You are resistant to electric shocks. (rElec)
You are resistant to unholy torment.
You are immune to petrification.


Message History

You see here a +0 hammer.
You see here a +0 hammer.
You see here a +0 hammer.
You see here a +0 sling.
You see here a +0 short sword.
Key pressed, stopping explore.
You see here a +0 hammer.
You see here a +0 hammer.
Crazy Yiuf shouts!
You see here a +0 hammer.
You see here a +0 hammer.
Crazy Yiuf whimpers, "Ten!"
You see here a +0 hammer.
Could not explore, unopened runed door.
You open the door. You hit Crazy Yiuf.
Crazy Yiuf is lightly wounded.
Crazy Yiuf sings, "Trees, trees, trees, circus!"
Crazy Yiuf hits you with a +4 quarterstaff of chaos!
Crazy Yiuf freezes you.
You hit Crazy Yiuf.
Crazy Yiuf is moderately wounded.
You block Crazy Yiuf's attack. Crazy Yiuf hits you but does no damage.
You closely miss Crazy Yiuf.
Crazy Yiuf is moderately wounded.
Crazy Yiuf completely misses you.
You hit Crazy Yiuf but do no damage.
Crazy Yiuf is moderately wounded.
Crazy Yiuf hits you with a +4 quarterstaff of chaos!
* * * LOW HITPOINT WARNING * * *
You block Crazy Yiuf's attack.
You closely miss Crazy Yiuf.
Crazy Yiuf is moderately wounded.
You block Crazy Yiuf's attack.
You closely miss Crazy Yiuf.
Crazy Yiuf is moderately wounded.
You block Crazy Yiuf's attack.
Crazy Yiuf yells, "Walk!"
Crazy Yiuf hits you with a +4 quarterstaff of chaos!
You die...

#.# #...............
#.####...############
#........# ### ##
########## #.######.
#.......# #.######.
### ♣♣##..# ##
#)))#♣♣ ♣♣.....# #
#.))g@♣♣♣♣......#
#)))#♣))♣).....## ###
♣♣♣)♣)...## ♣♣♣♣♣###


You could see Crazy Yiuf.

Vanquished Creatures
  Jessica (D:2)
  Terence (D:2)
  An adder (D:2)
  A dart slug (D:2)
  5 ball pythons
  2 endoplasms (D:2)
  3 giant cockroaches
  4 hobgoblins
  3 kobolds
  A quokka (D:1)
  5 bats
  2 frilled lizards
  5 goblins
  A rat (D:1)
35 creatures vanquished.

Notes
Turn   | Place    | Note
-------+----------+-------------------------------------------
     0 | D:1      | Orthodox the Gargoyle Fighter began the quest for the Orb.
     0 | D:1      | Reached XP level 1. HP: 14/14 MP: 1/1
   188 | D:1      | Found a faded altar of an unknown god.
   405 | D:1      | Reached XP level 2. HP: 12/19 MP: 2/2
  1222 | D:2      | Noticed Jessica
  1231 | D:2      | Killed Jessica
  1232 | D:2      | Reached XP level 3. HP: 15/24 MP: 3/3
  1483 | D:2      | Reached skill level 4 in Fighting
  1688 | D:2      | Reached XP level 4. HP: 23/29 MP: 4/4
  2100 | D:2      | Noticed Terence
  2109 | D:2      | Killed Terence
  2434 | D:2      | Found a runed translucent door.
  2435 | D:2      | Noticed Crazy Yiuf
  2620 | D:2      | Slain by Crazy Yiuf

Illustrated notes

Levels and vault maps discovered:
D:1:      minmay_arrival_plants_in_alcoves, layout_basic,
          hellmonk_ecumenical_altar_zigzags, minmay_misc_feat_nine_boxes,
          minivault_19, kennysheep_decorative_pillar, minivault_11
D:2:      layout_loops_ring, uniq_jessica, uniq_crazy_yiuf_cottage, uniq_terence

Skill      XL: |  1  2  3  4 |
---------------+-------------+-----
Fighting       | 4 |  4.2
Maces & Flails | 3 |  3.1
Armour         | |  3.7
Shields        | |  3.8

Action                   |  1- 3 |  4- 6 || total
-------------------------+-------+-------++-------
Melee: Flail             |    86 |    23 ||   109
       Mace              |       |     6 ||     6
  Use: Potion            |       |     1 ||     1
Armor: Scale mail        |    15 |       ||    15
       Ring mail         |    33 |     9 ||    42
       Chain mail        |       |     1 ||     1
Dodge: Dodged            |    33 |     9 ||    42
Block: Buckler           |    14 |     8 ||    22
       Kite shield       |       |     4 ||     4
